 Seeded DCSS version 0.30.0-10-gfe55d96785 (webtiles) character file.

Game seed: 5 (custom seed)

142 Kazon the Chopper (level 5, -1/39 (40) HPs)
             Began as a Demonspawn Gladiator on May 15, 2023.
             Was an Initiate of Okawaru.
             Slain by a black bear (3 damage)
             ... on level 4 of the Dungeon.
             The game lasted 00:11:36 (2746 turns).

Kazon the Chopper (Demonspawn Gladiator)            Turns: 2746, Time: 00:11:37

HP:   -1/39 (40)    AC:  4    Str: 14    XL:     5   Next: 4%
MP:   14/14         EV:  8    Int: 11    God:    Okawaru [......]
Gold: 183           SH: 11    Dex: 15    Spells: 4/4 levels left

rFire   . . .        e - +2 dagger (vamp)
rCold   . . .        c - +0 tower shield
rNeg    . . .        b - +0 leather armour
rPois   .            (helmet restricted)
rElec   .            (no cloak)
rCorr   .            (no gloves)
SInv    .            (no boots)
Will    .....        (no amulet)
Stlth   +            t - ring of magical power
HPRegen 0.26/turn    (no ring)
MPRegen 0.14/turn

%: no passive effects
@: lightly drained
A: antennae 1, rugged brown scales 1, powered by death 1
a: Renounce Religion


You were on level 4 of the Dungeon.
You worshipped Okawaru.
Okawaru was noncommittal.
You visited 2 branches of the dungeon, and saw 5 of its levels.

You collected 183 gold pieces.

Inventory:

Hand Weapons
 a - a +0 war axe
 e - a +2 vampiric dagger (weapon)
 w - the +2 sling "Qeuhanocyt" {speed, rElec Str-3 Dex+2}
   (You found it on level 3 of the Dungeon)

   Str:       It affects your strength (-3).
   Dex:       It affects your dexterity (+2).
   rElec:     It insulates you from electricity.
Missiles
 d - 3 throwing nets
 g - 3 boomerangs
 j - 9 stones (quivered)
 s - 5 poisoned darts
 u - a javelin
Armour
 b - a +0 leather armour (worn)
 c - a +0 tower shield (worn)
Jewellery
 t - a ring of magical power (left hand)
Scrolls
 h - a scroll of vulnerability {unknown}
 k - a scroll of fog {unknown}
 m - a scroll of acquirement {unknown}
 n - a scroll of blinking {unknown}
 o - a scroll of magic mapping {unknown}
 p - a scroll of identify {unknown}
 q - a scroll of summoning {unknown}
 r - 2 scrolls of teleportation {unknown}
 z - a scroll of amnesia {unknown}
Potions
 f - 3 potions of curing {unknown}
 i - a potion of resistance {unknown}
 l - a potion of magic {unknown}
 v - a potion of flight {unknown}
 x - a potion of invisibility {unknown}
 y - a potion of berserk rage {unknown}


   Skills:
 + Level 2.7 Fighting
 + Level 0.1 Short Blades
 + Level 3.7 Axes
 + Level 2.1 Throwing
 + Level 1.0 Armour
 + Level 3.2 Dodging
 + Level 1.2 Shields
 * Level 1.0 Invocations


You had 4 spell levels left.
You didn't know any spells.
Your spell library contained the following spells:

 Spells                   Type           Power      Damage    Failure   Level
 Frozen Ramparts          Ice            0%         1d1       100%        3
 Ice Form                 Ice/Tmut       0%         N/A       100%        4
 Summon Ice Beast         Ice/Summ       Unusable   N/A       N/A         4

Dungeon Overview and Level Annotations

Branches:
Dungeon (4/15)             Temple (1/1) D:4

Altars:
Ashenzari
Cheibriados
Fedhas
Gozag
Kikubaaqudgha
Makhleb
Okawaru
Qazlal
Ru
Trog
Uskayaw
Wu Jian


Innate Abilities, Weirdness & Mutations

You have a pair of small antennae on your head.
You are partially covered in rugged brown scales. (AC +1, +3% HP)
You regenerate a little health from kills.


Message History

The orc is almost dead.
You block the orc's attack. The orc hits you with a +0 hand axe.
You hit the orc.
You feel better.
You kill the orc!
Okawaru accepts your kill.
You hit the black bear.
You feel better.
The black bear is lightly wounded.
The black bear bites you but does no damage.
You block the black bear's attack. The black bear claws you.
You block the black bear's attack. The black bear claws you.
The black bear claws you but does no damage.
You hit the black bear.
You feel better.
The black bear is moderately wounded.
You block the black bear's attack. x2; The black bear claws you.
You hit the black bear.
The black bear is moderately wounded.
The black bear barely misses you. The black bear claws you. x2
The black bear bites you. You block the black bear's attack.
The black bear barely misses you.
You hit the black bear.
You feel better.
The black bear is heavily wounded.
You block the black bear's attack. x3
You hit the black bear.
You feel better.
The black bear is severely wounded.
You block the black bear's attack. The black bear claws you.
You block the black bear's attack. The black bear bites you.
The black bear claws you. You block the black bear's attack.
You hit the black bear but do no damage.
The black bear is heavily wounded.
The black bear barely misses you. You block the black bear's attack. x2
You barely miss the black bear.
The black bear is heavily wounded.
The black bear bites you.
* * * LOW HITPOINT WARNING * * *
The black bear claws you.
* * * LOW HITPOINT WARNING * * *
The black bear barely misses you. x2; The black bear claws you.
* * * LOW HITPOINT WARNING * * *
The black bear claws you.
You die...

#...###+####.# #
#...........# .##
#...o.......# # ..
#..h........# .##
#.........# ...
#'# # #o# # # #h#
##.## #@# #....
#.# #.##
########.# ###+##
.........#
####.....
####.###.#
#.##.....
#†########.##.....
#.................
#.########........
...# ###)....)


You could see a black bear and an orc.

Vanquished Creatures
  5 adders
  3 worms
  5 orcs
  4 bats
  9 endoplasms
  A giant cockroach (D:1)
  12 goblins
  6 hobgoblins
  11 jackals
  3 kobolds
  A quokka (D:4)
  6 ball pythons
  3 frilled lizards
  4 rats
73 creatures vanquished.

Notes
Turn   | Place    | Note
-------+----------+-------------------------------------------
     0 | D:1      | Kazon the Demonspawn Gladiator began the quest for the Orb.
     0 | D:1      | Reached XP level 1. HP: 16/16 MP: 1/1
    99 | D:1      | Gained mutation: You have a pair of small antennae on your
                  | head. [demonic ancestry]
    99 | D:1      | Reached XP level 2. HP: 22/22 MP: 2/2
   652 | D:1      | Gained mutation: You are partially covered in rugged brown
                  | scales. (AC +1, +3% HP) [demonic ancestry]
   652 | D:1      | Reached XP level 3. HP: 16/27 MP: 3/3
  1079 | D:2      | Reached XP level 4. HP: 32/33 MP: 4/4
  1132 | D:2      | Reached skill level 1 in Shields
  1443 | D:2      | Reached skill level 1 in Armour
  1835 | D:3      | Found a blossoming altar of Fedhas.
  2055 | D:3      | Found a stormy altar of Qazlal.
  2152 | D:3      | Found a faded altar of an unknown god.
  2268 | D:3      | Identified the +2 sling "Qeuhanocyt" {speed, rElec Str-3
                  | Dex+2}
  2447 | D:4      | Found a staircase to the Ecumenical Temple.
  2455 | Temple   | Entered the Ecumenical Temple
  2540 | Temple   | Became a worshipper of Warmaster Okawaru
  2725 | D:4      | Noticed a black bear
  2732 | D:4      | Reached skill level 1 in Invocations
  2732 | D:4      | Gained mutation: You regenerate a little health from kills.
                  | [demonic ancestry]
  2732 | D:4      | Reached XP level 5. HP: 33/40 MP: 5/5
  2746 | D:4      | Slain by a black bear

Illustrated notes

Levels and vault maps discovered:
D:1:      ebering_trefoil_3fold, layout_basic, st_stairs_14, serial_bayou_ford_a
D:2:      layout_basic, hangedman_decor_growths, minmay_close_crescents
D:3:      layout_rooms, mainiacjoe_overflow_concentric_impassable,
          mainiacjoe_overflow_paths, shapermc_ecumenical_altar_acropolis,
          chequers_serial_rivers_micro_b
D:4:      layout_basic, riverfiend_overflow_shadow_ancestor,
          minmay_temple_entry_glass, uniq_sigmund
Temple:   nicolae_temple_elliptical

Skill      XL: |  1  2  3  4 |
---------------+-------------+-----
Throwing       | 2 |  2.1
Axes           | 3 |  3.7
Dodging        | 3 |  3.2
Shields        | 1 |  1.2
Armour         | 1 |  1.0
Invocations    | 1 |  1.0
Fighting       | |  2.7
Short Blades   | |  0.1

Action                     |  1- 3 |  4- 6 || total
---------------------------+-------+-------++-------
  Melee: War axe           |   103 |    56 ||   159
         Dagger            |       |    53 ||    53
   Fire: Sling             |       |     8 ||     8
  Throw: Boomerang         |     3 |     1 ||     4
         Stone             |     1 |    12 ||    13
 Armour: Leather armour    |    38 |    23 ||    61
  Dodge: Dodged            |    47 |    26 ||    73
  Block: Tower shield      |    62 |    66 ||   128
